 Dungeon Crawl Stone Soup version 0.32-a0-20-ge526923 (webtiles) character file.

Game seed: 12506600917180272077

72 danspanner the Covered (level 4, 0/29 HPs)
             Began as a Gargoyle Fighter on Jan 17, 2024.
             Killed by divine providence
             ... invoked by an orc priest
              (12 damage)
             ... on level 3 of the Dungeon.
             The game lasted 00:06:09 (1792 turns).

danspanner the Covered (Gargoyle Fighter)           Turns: 1792, Time: 00:06:09

Health: 0/29       AC: 10    Str: 22    XL:     4   Next: 25%
Magic:  4/4        EV:  9    Int:  8    God:
Gold:   77         SH:  4    Dex:  9    Spells: 3/3 levels left

rFire   . . .        j - +0 morningstar
rCold   . . .        c - +0 buckler
rNeg    + . .        b - +0 scale mail
rPois   ∞            (no helmet)
rElec   +            (no cloak)
rCorr   .            (no gloves)
SInv    .            (no boots)
Will    .....        (no amulet) Stlth
                     (no ring)
HPRegen 0.24/turn    (no ring)
MPRegen 0.09/turn

%: no passive effects
@: mighty
A: sickness immunity, AC +3, negative energy resistance 1, electricity
resistance, torment resistance 1, petrification resistance
a: no special abilities


You were on level 3 of the Dungeon.
You visited 1 branch of the dungeon, and saw 3 of its levels.

You collected 77 gold pieces.

Inventory:

Hand Weapons
 a - a +0 flail
 j - a +0 morningstar (weapon)
Armour
 b - a +0 scale mail (worn)
 c - a +0 buckler (worn)
Scrolls
 h - a scroll of revelation {unknown}
 i - 2 scrolls of fog {unknown}


   Skills:
 + Level 3.9 Fighting
 + Level 2.7 Maces & Flails
 + Level 4.0 Armour
 + Level 3.9 Shields


You had 3 spell levels left.
You didn't know any spells.
Your spell library contained the following spells:

 Spells                   Type           Power      Damage    Failure   Level
 Jinxbite                 Hex            0%         N/A       90%         2
 Yara's Violent Unravell  Hex/Alch       0%         3d3       100%        5
 Enfeeble                 Hex            0%         N/A       100%        7


Dungeon Overview and Level Annotations

Branches:
Dungeon (3/15)

Altars:

Shops:
D:2 [*=

Annotations:
D:3 Sigmund


Innate Abilities, Weirdness & Mutations

You are immune to sickness and miasma.
Your stone body is resilient. (AC +3)
You are immune to poison.
You resist negative energy. (rN+)
You are resistant to electric shocks. (rElec)
You are resistant to unholy torment.
You are immune to petrification.


Message History

Ouch! That really hurt!
You hear an angry hiss.
You are too injured to fight recklessly!
Sigmund hits you but does no damage.
The orc wizard mumbles some strange words.
The orc wizard flickers and vanishes!
Deactivating autopickup; reactivate with Ctrl-A.
Sigmund breathes a few words.
Sigmund's hands start flickering wildly.
Sigmund flickers, as though insubstantial.
Sigmund points at you and mumbles some strange words.
You are confused.
You bump into the rock wall.
A frilled lizard comes into view.
The frilled lizard hisses angrily.
Sigmund hits you from afar with a +0 scythe.
You are too confused!
You're too confused to move!
You feel less confused. Sigmund closely misses you.
You miss the frilled lizard. The frilled lizard bites you.
You hit the frilled lizard.
You kill the frilled lizard!
Sigmund hits you but does no damage. Sigmund attacks as he pursues you!
Sigmund barely misses you. Sigmund gestures at you while chanting.
You resist with some effort.
Okay, then.
You feel very mighty all of a sudden.
An orc comes into view. It is wielding a +0 club.
The orc shouts!
Sigmund hits you with a +0 scythe.
You closely miss Sigmund.
Sigmund is moderately wounded.
Sigmund hits you but does no damage. Sigmund blocks your attack.
Sigmund is moderately wounded.
The orc priest invokes the aid of Beogh against you.
Beogh smites you!
You die...

####################
######.......oo@@........
..<....####.########.####
######## #.# #o# #.# #.#
#.# #.# #.#


You could see Sigmund (reflecting), an orc priest and an orc.

Vanquished Creatures
  An adder (D:2)
  A dart slug (D:2)
  A ribbon worm (D:2)
  An orc (D:3)
  5 bats
  2 endoplasms
  3 giant cockroaches
  5 goblins
  9 hobgoblins
  5 jackals (D:1)
  3 quokkas
  6 ball pythons
  4 frilled lizards
  3 kobolds
  2 rats (D:2)
51 creatures vanquished.

Notes
Turn   | Place    | Note
-------+----------+-------------------------------------------
     0 | D:1      | danspanner the Gargoyle Fighter began the quest for the
                  | Orb.
     0 | D:1      | Reached XP level 1. HP: 14/14 MP: 1/1
    57 | D:1      | Reached XP level 2. HP: 17/19 MP: 2/2
   692 | D:1      | Reached XP level 3. HP: 20/23 MP: 3/3
   780 | D:2      | Found Voxivupn's Jewellery Boutique.
   809 | D:2      | Found Epeiplir's Assorted Antiques.
   809 | D:2      | Found Miheruy's Armour Shoppe.
  1340 | D:2      | Reached XP level 4. HP: 29/29 MP: 4/4
  1397 | D:2      | Reached skill level 4 in Armour
  1761 | D:3      | Noticed Sigmund
  1792 | D:3      | Killed from afar by an orc priest

Illustrated notes

Levels and vault maps discovered:
D:1:      lightli_molten_gateway, layout_basic, hex_tiny
D:2:      minmay_general_purpose_star, layout_basic, serial_shops, shop, shop,
          shop, minmay_hexomino_p4
D:3:      layout_loops_ring, serial_shops, shop, shop, shop,
          nicolae_figureground_pulse, uniq_sigmund

Skill      XL: |  1  2  3  4 |
---------------+-------------+-----
Armour         | 4 |  4.0
Fighting       | |  3.9
Maces & Flails | |  2.7
Shields        | |  3.9

Action                     |  1- 3 |  4- 6 || total
---------------------------+-------+-------++-------
  Melee: Flail             |   110 |       ||   110
         Morningstar       |    26 |    29 ||    55
    Use: Scroll            |     1 |     2 ||     3
         Potion            |       |     1 ||     1
 Armour: Scale mail        |    86 |    27 ||   113
  Dodge: Dodged            |    65 |    14 ||    79
  Block: Buckler           |    39 |     6 ||    45

Table legend: (Time is in decaauts)
 A = Elapsed time spent in this place.
 B = Non-inter-level travel time spent in this place.
 C = Inter-level travel time spent in this place.
 D = Time resting spent in this place.
 E = Time spent auto-exploring this place.
 F = Levels seen in this place.
 G = Mean time per level.
                   A        B        C        D        E       F      G
               +--------+--------+--------+--------+--------+-----+--------+
         Total |   1848 |   1808 |     40 |    100 |   1319 |   3 |  616.0 |
       Dungeon |   1848 |   1808 |     40 |    100 |   1319 |   3 |  616.0 |
               +--------+--------+--------+--------+--------+-----+--------+

Top non-repeatable levels by time:
     D:2: 994 daAuts
     D:1: 797 daAuts
     D:3: 57 daAuts
